 Dungeon Crawl Stone Soup version 0.18.1-8-gdd0e5ea (webtiles) character file.

60 Gargoyl the Skirmisher (level 3, -2/30 HPs)
             Began as a Demonspawn Abyssal Knight on June 8, 2016.
             Was a Follower of Lugonu.
             Slain by a gnoll
             ... wielding a +0 flail
              (4 damage)
             ... on level 2 of the Dungeon.
             The game lasted 00:03:04 (1442 turns).

Gargoyl the Skirmisher (Demonspawn Abyssal Knight)  Turns: 1442, Time: 00:03:05

Health: -2/30      AC:  8    Str: 13    XL:     3   Next: 80%
Magic:  13/13      EV: 10    Int: 13    God:    Lugonu [*.....]
Gold:   82         SH:  0    Dex: 12    Spells: 0 memorised, 2 levels left

rFire  . . .     SeeInvis .     a - +1 hand axe
rCold  . . .     Gourm    .     d - +3 ring mail
rNeg   . . .     Faith    .     (no shield)
rPois  .         Spirit   .     (no helmet)
rElec  .         Dismiss  .     (no cloak)
rCorr  .         Reflect  .     (no gloves)
SustAt .         Harm     .     (no boots)
MR     .....                    (no amulet)
Stlth  +.........               (no ring)
                                f - ring of magical power

@: not resistant to hostile enchantments, very unstealthy
A: powered by death 1
a: Depart the Abyss, Renounce Religion


You were on level 2 of the Dungeon.
You worshipped Lugonu.
Lugonu was aware of your devotion.
You were hungry.

You visited 1 branch of the dungeon, and saw 3 of its levels.
You visited the Abyss 1 time.

You collected 82 gold pieces.

Inventory:

Hand Weapons
 a - a +1 hand axe (weapon)
 g - a +0 spear of flaming
Armour
 d - a +3 ring mail (worn)
Jewellery
 f - a ring of magical power (left hand)
Scrolls
 b - a scroll of enchant armour {unknown}
 e - a scroll of amnesia {unknown}
 h - a scroll of identify
 j - a scroll of blinking {unknown}
 m - a scroll of enchant weapon {unknown}
Comestibles
 c - a bread ration
 k - a meat ration
 l - a royal jelly
 n - a beef jerky


   Skills:
 + Level 4.0 Fighting
 + Level 2.1 Axes
 + Level 2.0 Armour
 + Level 1.3 Dodging
 + Level 0.6 Stealth
 + Level 2.6 Invocations


You had 2 spell levels left.
You didn't know any spells.

Dungeon Overview and Level Annotations

Branches:
Dungeon (3/15)

Altars:
Qazlal

Annotations:
D:3 blejac99's ghost, amateur HuNe


Innate Abilities, Weirdness & Mutations

You regenerate a little health from kills.


Message History

* * * LOW HITPOINT WARNING * * *
Unknown command.
You closely miss the gnoll.
The gnoll is heavily wounded.
You hit the gnoll.
The gnoll is heavily wounded.
The gnoll hits you but does no damage. x2
Unknown command.
You hit the gnoll but do no damage.
The gnoll is heavily wounded.
You hit the gnoll.
The gnoll is severely wounded.
The gnoll hits you but does no damage. x2; The gnoll closely misses you.
Unknown command.
You hit the gnoll.
The gnoll is almost dead.
You hit the gnoll.
The gnoll is severely wounded.
The gnoll hits you but does no damage. The gnoll hits you with a flail.
You die...

.##.##...gK...##
.##.##...g.....#
.##.##.........#
.##...###......##
.####.# ####g#..#
.####.# #.#..#
......# #.#.K#
############.##g##
#........gg@#
#.########### #.#
#.# #.# #.# # #.#
# #.# # #.#


You could see 3 gnolls and a kobold.

Vanquished Creatures
  A gnoll (D:3)
  An adder (D:2)
  4 oozes
  3 dart slugs
  3 bats (D:1)
  A giant cockroach (D:2)
  2 hobgoblins (D:1)
  A kobold (D:1)
  2 giant newts
  2 goblins
  A rat (D:1)
21 creatures vanquished.

Notes
Turn   | Place    | Note
--------------------------------------------------------------
     0 | Abyss:1  | Gargoyl the Demonspawn Abyssal Knight began the quest for the Orb.
     0 | Abyss:1  | Reached XP level 1. HP: 18/18 MP: 2/2
    25 | Abyss:1  | Found a corrupted altar of Lugonu.
   103 | Abyss:1  | Noticed a starcursed mass
   104 | D:1      | Escaped the Abyss
   260 | D:1      | Gained mutation: You regenerate a little health from kills. [demonic ancestry]
   260 | D:1      | Reached XP level 2. HP: 19/24 MP: 3/3
   336 | D:1      | Reached skill level 1 in Dodging
   485 | D:1      | Reached * piety under Lugonu
  1112 | D:2      | Reached XP level 3. HP: 30/30 MP: 4/4
  1325 | D:2      | Found a stormy altar of Qazlal.
  1388 | D:3      | Reached skill level 4 in Fighting
  1426 | D:3      | Noticed blejac99's ghost (amateur HuNe)
  1439 | D:2      | HP: 1/30 [gnoll/flail (5)]
  1442 | D:2      | Slain by a gnoll

Skill      XL: |  1  2  3 |
---------------+----------+-----
Dodging        | 1 |  1.3
Axes           | 2 |  2.1
Armour         | 2 |  2.0
Fighting       | 4 |  4.0
Stealth        | |  0.6
Invocations    | |  2.6

Action                   || total
-------------------------++-------
Melee: Hand axe          ||   104
Invok: Depart the Abyss  ||     1
  Use: Scroll            ||     3
       Potion            ||     3
  Eat: Chunk             ||     1
Armor: Ring mail         ||    68
Dodge: Dodged            ||    63
